 Dungeon Sprint DCSS version 0.27-a0-1139-g28e009f8a6 (webtiles) character file.

Game seed: 11885149723669763713

121 mhtbhm the Firebug (level 4, -1/24 HPs)
             Began as a Deep Elf Fire Elementalist on May 8, 2021.
             Was a Priest of Vehumet.
             Slain by a gnoll sergeant
             ... wielding a +0 trident
              (14 damage)
             ... in the Dungeon (Sprint VII: "The Pits").
             The game lasted 00:02:52 (747 turns).

mhtbhm the Firebug (Deep Elf Fire Elementalist)      Turns: 747, Time: 00:02:53

Health: -1/24      AC:  2    Str:  5    XL:     4   Next: 76%
Magic:  10/14      EV: 14    Int: 21    God:    Vehumet [***...]
Gold:   0          SH:  0    Dex: 15    Spells: 7/16 levels left

rFire    . . .     SeeInvis .   k - +2 dagger
rCold    . . .     Faith    .   (no shield)
rNeg     . . .     Spirit   .   a - +0 robe
rPois    .         Reflect  .   (no helmet)
rElec    .         Harm     .   (no cloak)
rCorr    .         Rampage  .   (no gloves)
Will     .....     NoTele   +   (no boots)
Stlth    +++.......             (no amulet)
HPRegen  0.08/turn              (no ring)
MPRegen  0.14/turn              (no ring)

@: no status effects
A: no striking features
a: Renounce Religion


You were in the Dungeon.
You worshipped Vehumet.
Vehumet was most pleased with you.
You visited 1 branch

Inventory:

Hand Weapons
 k - a +2 dagger (weapon)
Armour
 a - a +0 robe (worn)
Scrolls
 h - a scroll of blinking
 i - 5 scrolls of amnesia
 j - a scroll of summoning
Potions
 b - 2 potions of invisibility
 f - 4 potions of magic
 g - 3 potions of berserk rage


   Skills:
 + Level 4.7 Dodging
 + Level 4.2 Stealth
 + Level 6.9 Spellcasting
 + Level 2.8 Conjurations
 + Level 7.8 Fire Magic


You had 7 spell levels left.
You knew the following spells:

 Your Spells              Type           Power      Damage    Failure   Level
a - Foxfire               Conj/Fire      100%       2x1d9     1%          1
b - Shock                 Conj/Air       52%        1d6       1%          1
c - Inner Flame           Hex/Fire       23%        N/A       1%          3
d - Sticky Flame          Conj/Fire      29%        2d5       2%          4

Your spell library contained the following spells:

 Spells                   Type           Power      Damage    Failure   Level
 Stone Arrow              Conj/Erth      26%        3d8       4%          3
 Conjure Flame            Conj/Fire      29%        6-21      1%          3
 Fireball                 Conj/Fire      14%        3d8       8%          5


Dungeon Overview and Level Annotations

Branches:
Dungeon (1/1)

Altars:
Ashenzari
Cheibriados
Dithmenos
Elyvilon
Fedhas
Gozag
Hepliaklqana
Kikubaaqudgha
Makhleb
Nemelex Xobeh
Okawaru
Qazlal
Ru
Sif Muna
Trog
Uskayaw
Vehumet
Wu Jian
Xom
Yredelemnul
Zin
The Shining One
Beogh
Jiyva
Lugonu


Message History

Casting: Foxfire (safe; 1% risk of failure)
Confirm with . or Enter, or press ? or * to list all spells.
You conjure some foxfire!
The gnoll misses you.
The foxfire hits the gnoll!
You kill the gnoll!
Vehumet accepts your kill.
Vehumet offers you knowledge of Stone Arrow.
Unknown command.
Your foxfire dissipates!
Things that are here:
a +0 spear; a +0 flail; a +0 club You see here a +0 club.
You start resting.
Magic restored.
Okay, then.
There is an open door to the Storerooms (Easy) here.
Things that are here:
a +0 trident; an adder skeleton You see here a ball python corpse.
You start resting.
You start resting.
A gnoll sergeant comes into view. It is wielding a +0 trident.
The gnoll sergeant shouts!
The gnoll sergeant hits you with a +0 trident!
There is an open door here.
The gnoll sergeant barely misses you.
Unknown command.
Casting: Foxfire (safe; 1% risk of failure)
Confirm with . or Enter, or press ? or * to list all spells.
The spell is quite dangerous to cast (2% risk of failure)!
Continue anyway?
Aiming: Sticky Flame (quite dangerous; 2% risk of failure)
Press: ? - help, Shift-Dir - straight line, f - gnoll sergeant
Aim: a gnoll sergeant, wielding a +0 trident, wearing a +0 ring mail and wearing a +0 buckler (100% to hit)
The sticky flame hits the gnoll sergeant.
The gnoll sergeant is lightly wounded.
The gnoll sergeant is covered in liquid flames!
The gnoll sergeant burns!
The gnoll sergeant hits you with a +0 trident!
Ouch! That really hurt!
You die...

#_________.# #_________.#
#_______...###########++
##########'##...........
#.?(.')))'.##......#..#.
##########.##...........
#..........รท))).........
#+#####'#####......#..#.
#. #.@g'.##...........
#..#...#.#####'#####++
#..#####.##.......#
#.og...#S##.......#
#..'g..'.##.......#
#.g########...<...# #.
#.......# # #.......#
#.......#


You could see a gnoll sergeant (burning).

Vanquished Creatures
  A scorpion (D)
  4 gnolls (D)
  An adder (D)
  An orc (D)
  3 jackals (D)
  2 ball pythons (D)
  A frilled lizard (D)
  A rat (D)
14 creatures vanquished.

Vanquished Creatures (others)
  52 foxfires (D)
52 creatures vanquished.

Grand Total: 66 creatures vanquished

Notes
Turn   | Place    | Note
-------+----------+-------------------------------------------
     0 | D        | mhtbhm the Deep Elf Fire Elementalist began the quest for
                  | the Orb.
     0 | D        | Reached XP level 1. HP: 10/10 MP: 6/6
    70 | D        | Found a bloodstained altar of Trog.
    70 | D        | Found a shimmering blue altar of Sif Muna.
    70 | D        | Found a viscous altar of Jiyva.
    70 | D        | Found a hazy altar of Hepliaklqana.
    70 | D        | Found an opulent altar of Gozag.
    71 | D        | Found a glowing golden altar of the Shining One.
    71 | D        | Found a glowing silver altar of Zin.
    71 | D        | Found a basalt altar of Yredelemnul.
    71 | D        | Found a shimmering altar of Xom.
    71 | D        | Found an ornate altar of the Wu Jian Council.
    71 | D        | Found a sacrificial altar of Ru.
    71 | D        | Found a stormy altar of Qazlal.
    71 | D        | Found an iron altar of Okawaru.
    71 | D        | Found a sparkling altar of Nemelex Xobeh.
    71 | D        | Found a burning altar of Makhleb.
    71 | D        | Found a blossoming altar of Fedhas.
    71 | D        | Found a white marble altar of Elyvilon.
    71 | D        | Found a shadowy altar of Dithmenos.
    71 | D        | Found a snail-covered altar of Cheibriados.
    73 | D        | Found a radiant altar of Vehumet.
    73 | D        | Found a corrupted altar of Lugonu.
    74 | D        | Found a hide-covered altar of Uskayaw.
    74 | D        | Found an ancient bone altar of Kikubaaqudgha.
    74 | D        | Found a broken altar of Ashenzari.
    81 | D        | Became a worshipper of Vehumet
   113 | D        | Reached skill level 4 in Fire Magic
   115 | D        | Reached * piety under Vehumet
   115 | D        | Offered knowledge of Freeze by Vehumet.
   203 | D        | Reached skill level 5 in Fire Magic
   203 | D        | Reached XP level 2. HP: 15/15 MP: 5/9
   254 | D        | Reached ** piety under Vehumet
   370 | D        | Noticed a scorpion
   389 | D        | Offered knowledge of Shock by Vehumet.
   438 | D        | Reached skill level 5 in Spellcasting
   438 | D        | Reached XP level 3. HP: 15/19 MP: 6/11
   438 | D        | Reached *** piety under Vehumet
   439 | D        | Reached skill level 6 in Fire Magic
   451 | D        | Killed a scorpion
   452 | D        | Reached skill level 7 in Fire Magic
   452 | D        | Reached XP level 4. HP: 6/24 MP: 2/14
   552 | D        | Learned a level 1 spell: Shock
   556 | D        | Learned a level 3 spell: Inner Flame
   561 | D        | Learned a level 4 spell: Sticky Flame
   582 | D        | Offered knowledge of Stone Arrow by Vehumet.
   744 | D        | Noticed a gnoll sergeant
   747 | D        | Slain by a gnoll sergeant

Illustrated notes

Levels and vault maps discovered:
D:        pitsprint [storerooms_1, entrance_room_1, metal_vault_4, armoury_2,
          mini_pit_1, grid_room_1, main_hall_1, silver_pit, the_coven_1,
          the_vestibule_1, steel_vault_1, golden_pit, hallway_of_sentries,
          crystal_vault_2, iron_vault_5, final_vault]

Skill      XL: |  1  2  3 |
---------------+----------+-----
Fire Magic     | 5 7 |  7.8
Dodging        | 3 4 |  4.7
Spellcasting   | 4 5 6 |  6.9
Stealth        | 3 4 |  4.2
Conjurations   | 2 |  2.8

Action                   |  1- 3 |  4- 6 || total
-------------------------+-------+-------++-------
Melee: Dagger            |       |     2 ||     2
 Cast: Foxfire           |    29 |     2 ||    31
       Sticky Flame      |       |     1 ||     1
  Use: Potion            |     2 |     1 ||     3
Armor: Robe              |     3 |       ||     3
Dodge: Dodged            |    10 |     5 ||    15

Table legend: (Time is in decaauts)
 A = Elapsed time spent in this place.
 B = Non-inter-level travel time spent in this place.
 C = Inter-level travel time spent in this place.
 D = Time resting spent in this place.
 E = Time spent auto-exploring this place.
 F = Levels seen in this place.
 G = Mean time per level.
                   A        B        C        D        E       F      G
               +--------+--------+--------+--------+--------+-----+--------+
         Total |    726 |    726 |      0 |    478 |      0 |   1 |  726.0 |
       Dungeon |    726 |    726 |      0 |    478 |      0 |   1 |  726.0 |
               +--------+--------+--------+--------+--------+-----+--------+

Top non-repeatable levels by time:
       D: 726 daAuts
